AoeStats
← DS_Kvothe

Arabia

509344763Analyzed
1v1 RM · 6d ago on Sep 26, 2026· 55m 24s· 2 players
Game mode
Random Map
Map size
Tiny (2 player)
Population
200
Speed
Normal
Resources
Standard
Victory
Conquest
Starting age
Dark Age
Ending age
Imperial Age
RankedLock teamsTeams togetherTeam positionsShared explorationLock speedFull tech treeHidden civsTurbo modeCheats
Victory
Defeat
🇸🇪 Cumans · Sweden
1989
+13
🇦🇷 Romans · Argentina
1913
-13
DS_Kvothe
10:52 Feudal Age
11:24 Double-Bit Axe
11:20 Horse Collar
11:44 Loom
15:10 Padded Archer Armor
16:02 Town Watch
17:26 Fletching
24:41 Castle Age
24:11 Gold Mining
25:33 Bow Saw
25:24 Heavy Plow
25:27 Bodkin Arrow
25:23 Elite Skirmisher
40:15 Wheelbarrow
42:18 Imperial Age
39:58 Heavy Plow
40:07 Scale Barding Armor
40:12 Forging
40:12 Bloodlines
40:03 Husbandry
40:19 Light Cavalry
42:47 Chain Barding Armor
43:02 Iron Casting
43:07 Ballistics
44:36 Plate Barding Armor
44:37 Scale Mail Armor
48:38 Chemistry
49:10 Heavy Scorpion
51:02 Conscription
51:45 Caravan
52:16 Coinage
BuLLeT_
5:50 Loom
9:04 Feudal Age
9:34 Double-Bit Axe
13:24 Fletching
23:47 Castle Age
22:01 Horse Collar
22:55 Scale Barding Armor
23:16 Gold Mining
23:44 Bloodlines
24:40 Bow Saw
26:56 Chain Barding Armor
28:44 Forging
31:17 Iron Casting
33:41 Heavy Plow
34:50 Wheelbarrow
34:00 Town Watch
36:46 Hand Cart
41:03 Imperial Age
39:14 Bodkin Arrow
39:20 Padded Archer Armor
38:43 Light Cavalry
41:13 Leather Archer Armor
41:20 Ballistics
42:43 Ring Archer Armor
43:17 Chemistry
43:26 Conscription
44:05 Plate Barding Armor
44:56 Blast Furnace
45:20 Two-Man Saw
44:30 Hussar
46:14 Parthian Tactics
46:08 Steppe Husbandry
49:14 Guilds
48:42 Elite Kipchak
50:45 Crop Rotation
52:49 Thumb Ring
54:55 Masonry
55:01 Capped Ram
Connection lost

Rejoining the realm…

Still unreachable

The connection could not be restored.

Session expired

The server has moved on; the page needs a fresh start.